 Dungeon Crawl Stone Soup version 0.28-a0-241-gfbb0926a3a (webtiles) character file.

Game seed: 7814418180033471768

67 PentaManta the Cutter (level 4, 0/34 HPs)
             Began as a Spriggan Berserker on Aug 24, 2021.
             Was a Follower of Trog.
             Killed by nerve-wracking pain
             ... invoked by an orc priest
              (10 damage)
             ... on level 2 of the Dungeon.
             The game lasted 00:02:35 (1154 turns).

PentaManta the Cutter (Spriggan Berserker)          Turns: 1154, Time: 00:02:36

Health: 0/34       AC:  2    Str: 13    XL:     4   Next: 0%
Magic:  5/5        EV: 19    Int:  8    God:    Trog [*.....]
Gold:   38         SH:  0    Dex: 15    Spells: 3/3 levels left

rFire   . . .      SeeInvis +   f - +3 dagger (freeze)
rCold   . . .      Faith    .   (shield restricted)
rNeg    . . .      Spirit   .   b - +0 animal skin
rPois   .          Reflect  .   (helmet restricted)
rElec   .          Harm     .   (no cloak)
rCorr   .          Rampage  .   (gloves unavailable)
Will    .....                   (boots unavailable)
Stlth   ..........              (no amulet)
HPRegen 0.11/turn               (no ring)
MPRegen 0.09/turn               (no ring)

@: berserking (expiring), very quick
A: very small, no large weapons, unfitting armour, see invisible, speed 3
a: Renounce Religion, Berserk


You were on level 2 of the Dungeon.
You worshipped Trog.
Trog was aware of your devotion.
You visited 1 branch of the dungeon, and saw 2 of its levels.

You collected 38 gold pieces.

Inventory:

Hand Weapons
 a - a +0 short sword
 f - a +3 dagger of freezing (weapon)
Armour
 b - a +0 animal skin (worn)
Jewellery
 g - a +6 ring of strength


   Skills:
 - Level 2.4 Fighting
 + Level 4.9 Short Blades
 * Level 4.8 Dodging


You had 3 spell levels left.
You didn't know any spells.
Your spell library was empty.

Dungeon Overview and Level Annotations

Branches:
Dungeon (2/15)

Altars:

Shops:
D:1 *


Innate Abilities, Weirdness & Mutations

You are very small and have problems with some larger weapons.
You are too small for most types of armour.
You have supernaturally acute eyesight. (SInv)
You cover ground extremely quickly. (Speed+++)


Message History

The orc shouts!
The orc wizard shouts!
The orc wizard gestures at you while chanting.
The magic dart hits you.
An orc comes into view.
It is wielding a +2 dagger of electrocution.
A red film seems to cover your vision as you go berserk!
You feel yourself moving faster!
You feel mighty!
The orc shouts!
The orc priest shouts!
The orc priest mumbles some strange prayers to Beogh against you.
Beogh smites you!
You feel a strong urge to attack something.
The orc priest completely misses you.
You puncture the orc priest! You freeze the orc priest.
The orc priest is severely wounded.
You hit the orc priest. You freeze the orc priest.
You kill the orc priest!
Trog accepts your kill.
You hit the orc. You freeze the orc.
The orc is heavily wounded.
You hit the orc. You freeze the orc.
You feel the power of Trog in you as your rage grows.
You kill the orc!
Trog accepts your kill.
The orc priest mumbles some strange prayers to Beogh against you.
Pain shoots through your body!
* * * LOW HITPOINT WARNING * * *
You have reached level 4!
Things that are here:
a +0 dagger; a +0 leather armour; an orc corpse You puncture the orc priest!
You freeze the orc priest.
The orc priest is severely wounded.
The orc wizard completely misses you. The orc priest completely misses you.
You closely miss the orc priest.
The orc priest is severely wounded.
You closely miss the orc priest.
The orc priest is severely wounded.
The orc wizard points at you and mumbles some strange words.
The puff of flame misses you.
The orc priest calls down the wrath of Beogh upon you.
Pain shoots through your body!
You die...

.... ..... #...
.....
#...########....
#.............#
#.............+
#........o....#
#........@o...#
#.........o...##
#........)......#
#..).......####.#
####.......# #
#.......#
######+##


You could see an orc priest, an orc wizard and an orc.

Vanquished Creatures
  An orc priest (D:2)
  A dart slug (D:1)
  An orc (D:2)
  5 bats (D:1)
  2 endoplasms (D:1)
  A giant cockroach (D:1)
  4 goblins
  4 hobgoblins (D:1)
  2 kobolds (D:1)
  4 quokkas (D:1)
  2 ball pythons (D:1)
  3 frilled lizards (D:1)
  3 rats (D:1)
33 creatures vanquished.

Notes
Turn   | Place    | Note
-------+----------+-------------------------------------------
     0 | D:1      | PentaManta the Spriggan Berserker began the quest for the
                  | Orb.
     0 | D:1      | Reached XP level 1. HP: 11/11 MP: 2/2
    50 | D:1      | Found Cemy's Assorted Antiques.
   160 | D:1      | Reached XP level 2. HP: 16/16 MP: 3/3
   873 | D:1      | Reached XP level 3. HP: 18/19 MP: 4/4
   948 | D:1      | Found a faded altar of an unknown god.
  1151 | D:2      | Reached XP level 4. HP: 9/23 MP: 5/5
  1154 | D:2      | Killed from afar by an orc priest

Illustrated notes

Levels and vault maps discovered:
D:1:      saegor_arrival_miasma, layout_basic, serial_shops, nicolae_shop_stone,
          shapermc_ecumenical_altar_petra
D:2:      layout_basic, uniq_crazy_yiuf_cottage

Skill      XL: |  1 |
---------------+----+-----
Short Blades   | 4 |  4.9
Fighting       | |  2.4
Dodging        | |  4.8

Action                   |  1- 3 |  4- 6 || total
-------------------------+-------+-------++-------
Melee: Short sword       |    67 |       ||    67
       Dagger            |    31 |     3 ||    34
Invok: Berserk           |     3 |       ||     3
  Use: Scroll            |     4 |       ||     4
Armor: Animal skin       |     8 |       ||     8
Dodge: Dodged            |    85 |     3 ||    88

Table legend: (Time is in decaauts)
 A = Elapsed time spent in this place.
 B = Non-inter-level travel time spent in this place.
 C = Inter-level travel time spent in this place.
 D = Time resting spent in this place.
 E = Time spent auto-exploring this place.
 F = Levels seen in this place.
 G = Mean time per level.
                   A        B        C        D        E       F      G
               +--------+--------+--------+--------+--------+-----+--------+
         Total |    976 |    969 |      7 |    278 |    528 |   2 |  488.0 |
       Dungeon |    976 |    969 |      7 |    278 |    528 |   2 |  488.0 |
               +--------+--------+--------+--------+--------+-----+--------+

Top non-repeatable levels by time:
     D:1: 965 daAuts
     D:2: 10 daAuts
